 Dungeon Crawl Stone Soup version 0.31-a0-150-g89dc3ad700 (webtiles) character file.

Game seed: 3639339545513084840

207 qw the Shooter (level 5, -1/46 HPs)
             Began as a Minotaur Hunter on June 8, 2023.
             Slain by a shadow imp (2 damage)
             ... on level 6 of the Dungeon.
             The game lasted 00:00:47 (2015 turns).

qw the Shooter (Minotaur Hunter)                    Turns: 2015, Time: 00:00:47

Health: -1/46      AC:  3    Str: 15    XL:     5   Next: 54%
Magic:  0/4        EV: 12    Int:  6    God:
Gold:   136        SH:  0    Dex: 16    Spells: 4/4 levels left

rFire   . . .        Y - +0 shortbow
rCold   . . .        (shield currently unavailable)
rNeg    . . .        c - +0 leather armour
rPois   .            (helmet restricted)
rElec   .            (no cloak)
rCorr   .            (no gloves)
SInv    .            (no boots)
Will    .....        h - amulet of guardian spirit
Stlth   +            (no ring)
HPRegen 0.27/turn    (no ring)
MPRegen 0.09/turn

%: guardian spirit
@: lethally poisoned (-1 -> -9), about to teleport
A: horns 2, retaliatory headbutt
a: no special abilities


You were on level 6 of the Dungeon.
You visited 1 branch of the dungeon, and saw 4 of its levels.

You collected 136 gold pieces.


Innate Abilities, Weirdness & Mutations

You have a pair of horns on your head.
You reflexively headbutt those who attack you in melee.


   Skills:
 - Level 4.2 Fighting
 + Level 6.8 Ranged Weapons
 - Level 2.1 Dodging
 - Level 0.7 Stealth


You had 4 spell levels left.
You didn't know any spells.
Your spell library was empty.

Inventory:

Hand Weapons
 Y - a +0 shortbow (weapon)
Armour
 b - a +0 ring mail
 c - a +0 leather armour (worn)
Jewellery
 h - an amulet of guardian spirit (around neck)
 j - a ring of flight
Scrolls
 a - 3 scrolls of teleportation
 e - 3 scrolls of identify
Potions
 d - a potion of resistance {unknown}
 f - a potion of haste
 g - a potion of magic {unknown}
 i - a potion of curing {unknown}

Dungeon Overview and Level Annotations

Branches:
Dungeon (3/15)

Altars:
Dithmenos

Shops:
D:2 !


Message History

The arrow hits the iguana but does no damage.
The iguana is heavily wounded.
You feel sick. The scorpion stings you.
You shoot an arrow. The arrow hits the scorpion!
The scorpion is severely wounded.
You feel sick.
You are no longer poisoned.
The scorpion stings you.
The iguana hisses menacingly.
You shoot an arrow.
The arrow hits the scorpion but does no damage.
The scorpion is severely wounded.
The scorpion stings you.
You shoot an arrow. The arrow hits the scorpion.
The scorpion is almost dead.
The scorpion stings you.
You are poisoned.
The scorpion poisons you! The scorpion stings you.
You shoot an arrow. The arrow closely misses the scorpion.
The arrow hits the iguana.
The iguana is severely wounded.
You feel very sick. The scorpion stings you.
You shoot an arrow.
The arrow hits the scorpion but does no damage.
The scorpion is almost dead.
You feel sick. The scorpion stings you.
You are lethally poisoned!
The scorpion poisons you! The shadow imp hits you.
2014 ||| READING 4 scrolls of teleportation.
As you read the scroll of teleportation, it crumbles to dust.
You feel strangely unstable.
You feel very sick. The scorpion stings you. The shadow imp misses you.
The scorpion stings you but does no damage.
You shoot an arrow. The arrow hits the scorpion.
You kill the scorpion!
You feel very sick. The shadow imp hits you.
You die...

.. ... # #!.
.###. #.#.#
..... ?#.#
#..... ## 8(#
.. ....##5#l#
..# #..#.#@#
#..# ##..#.##
#..#
#....#####..###
#..#...........
#. ##..#.......
# ##...####
##..# #.##
#..##


You could see an iguana and a shadow imp.

Vanquished Creatures
  A scorpion (D:6)
  A jelly (D:6)
  2 orc wizards (D:6)
  5 adders
  2 dart slugs (D:3)
  3 worms (D:2)
  7 orcs
  6 bats
  4 endoplasms
  A giant cockroach (D:1)
  4 goblins
  5 hobgoblins
  6 jackals
  3 ball pythons
  3 frilled lizards
  6 kobolds
  6 rats
65 creatures vanquished.

Notes
Turn   | Place    | Note
-------+----------+-------------------------------------------
     0 | D:1      | qw the Minotaur Hunter began the quest for the Orb.
     0 | D:1      | Reached XP level 1. HP: 18/18 MP: 0/0
     0 | D:1      | 0 ||| qw: Version: 0.2-a-119-g0488c42
     0 | D:1      | 0 ||| qw: Game counter: 2722
     0 | D:1      | 0 ||| qw: Always use a shield: true
     0 | D:1      | 0 ||| qw: God list: Okawaru
     0 | D:1      | 0 ||| qw: Allow faded altars: false
     0 | D:1      | 0 ||| qw: Do Orc after D:15 true
     0 | D:1      | 0 ||| qw: Do second Lair branch before Depths: true
     0 | D:1      | 0 ||| qw: Lair rune preference: random
     0 | D:1      | 0 ||| qw: Plans: Normal
     0 | D:1      | 0 ||| PLANNING D:1-11
    30 | D:1      | Reached XP level 2. HP: 20/25 MP: 1/1
   110 | D:1      | Reached skill level 5 in Ranged Weapons
   261 | D:1      | Reached skill level 3 in Fighting
   723 | D:1      | 723 ||| READING 3 scrolls labelled YKYXAKHLARCHU.
   728 | D:1      | 728 ||| READING 3 scrolls labelled YMEULUTOUN.
   729 | D:1      | 729 ||| READING 2 scrolls of identify.
   729 | D:1      | 729 ||| IDENTIFYING murky coppery potion
   730 | D:1      | 730 ||| DROPPING scroll of butterflies.
   731 | D:1      | 731 ||| DROPPING potion of degeneration.
   755 | D:2      | Reached XP level 3. HP: 31/31 MP: 2/2
  1012 | D:2      | Found Gaseiru's Distillery.
  1016 | D:2      | 1016 ||| SHOPLISTING potion of curing (30 gold, have 28).
  1016 | D:2      | 1016 ||| SHOPLISTING potion of haste (100 gold, have 28).
  1016 | D:2      | 1016 ||| SHOPLISTING potion of resistance (100 gold, have
                  | 28).
  1416 | D:2      | Reached XP level 4. HP: 38/38 MP: 3/3
  1450 | D:2      | Reached skill level 6 in Ranged Weapons
  1517 | D:2      | 1517 ||| UPGRADING to amulet of guardian spirit.
  1522 | D:2      | 1522 ||| READING scroll labelled REDOQO BOGGOMY.
  1523 | D:2      | 1523 ||| READING scroll labelled PICEUTT REXTY.
  1524 | D:2      | 1524 ||| READING scroll labelled HEUDGHAOSEO.
  1525 | D:2      | 1525 ||| DRINKING 2 metallic blue potions.
  1557 | D:3      | Found a shadowy altar of Dithmenos.
  1737 | D:3      | You fall into a shaft and drop 3 floors!
  1742 | D:6      | 1742 ||| PLANNING SEWER
  1796 | D:6      | Reached XP level 5. HP: 19/46 MP: 4/4
  1798 | D:6      | HP: 10/46 [poisoned by an orc wizard]
  1803 | D:6      | HP: 5/46 [poisoned by an orc wizard]
  2013 | D:6      | HP: 9/46 [shadow imp (3)]
  2014 | D:6      | 2014 ||| READING 4 scrolls of teleportation.
  2014 | D:6      | HP: 4/46 [scorpion (3)]
  2015 | D:6      | HP: 1/46 [poisoned by a scorpion]
  2015 | D:6      | Slain by a shadow imp

Levels and vault maps discovered:
D:1:      lemuel_arrival_behind_the_door_large, layout_basic, serial_forest,
          infiniplex_forest_lined_2, infiniplex_forest_clump_large,
          infiniplex_forest_lined_3, infiniplex_forest_straight_3,
          infiniplex_forest_pool, infiniplex_forest_straight_1,
          infiniplex_forest_straight_1, minmay_misc_feat_plants
D:2:      layout_loops_ring, serial_shops, nicolae_shop_back_alley_shop
D:3:      layout_loops_cross, nicolae_dithmenos_through_a_glass_darkly
D:6:      layout_layer_cave, portal_sewer_entry_f, minmay_circle_x

Skill      XL: |  1  2  3  4 |
---------------+-------------+-----
Ranged Weapons | 5 6 |  6.8
Fighting       | 3 4 |  4.2
Dodging        | |  2.1
Stealth        | |  0.7

Action                     |  1- 3 |  4- 6 || total
---------------------------+-------+-------++-------
   Fire: Shortbow          |   120 |    80 ||   200
    Use: Scroll            |     3 |     4 ||     7
         Potion            |       |     1 ||     1
 Armour: Leather armour    |     8 |    13 ||    21
  Dodge: Dodged            |    33 |    34 ||    67

Table legend:
 A = Non-vault XP
 B = Vault XP
 C = Vault XP percentage of total XP
 D = Non-vault monster count
 E = Vault monster count
 F = Vault count percentage of total count
                 A         B        C        D         E       F
            +---------+---------+-------+---------+---------+-------
      Total |     224 |     160 |  41.7 |      61 |       4 |   6.2
            +---------+---------+-------+---------+---------+-------
        D:1 |      39 |       0 |   0.0 |      23 |       0 |   0.0
        D:2 |      65 |       0 |   0.0 |      21 |       0 |   0.0
        D:3 |      24 |       0 |   0.0 |      10 |       0 |   0.0
        D:6 |      96 |     160 |  62.5 |       7 |       4 |  36.4
            +---------+---------+-------+---------+---------+-------
